 Dungeon Crawl Stone Soup version 0.30-a0-782-ge64f9170bb (webtiles) character file.

Game seed: 15262509062382038894

674 HoaS the Skirmisher (level 7, -5/50 HPs)
             Began as a Formicid Hunter on Mar 16, 2023.
             Slain by Blork the orc
             ... wielding a +0 long sword
              (10 damage)
             ... on level 5 of the Dungeon.
             The game lasted 00:06:54 (2918 turns).

HoaS the Skirmisher (Formicid Hunter)               Turns: 2918, Time: 00:06:55

Health: -5/50      AC:  6    Str: 15    XL:     7   Next: 90%
Magic:  7/7        EV: 11    Int:  9    God:
Gold:   226        SH:  4    Dex: 19    Spells: 6/6 levels left

rFire   + . .      SeeInvis +    q - +0 longbow
rCold   . . .      Faith    .    o - +0 buckler
rNeg    . . .      Spirit   .    c - +0 leather armour
rPois   .          Reflect  .    (helmet unavailable)
rElec   .          Harm     .    (no cloak)
rCorr   .          Rampage  .    (no gloves)
Will    +....                    f - +2 pair of boots
Stlth   ++                       (no amulet)
HPRegen 0.28/turn                i - ring of protection from fire
MPRegen 0.10/turn                s - ring of willpower

@: no status effects
A: permanent stasis, dig shafts and tunnels, antennae 3, four strong arms
a: Dig, Shaft Self


You were on level 5 of the Dungeon.
You visited 1 branch of the dungeon, and saw 5 of its levels.

You collected 226 gold pieces.

Inventory:

Hand Weapons
 q - a +0 longbow (weapon)
Armour
 c - a +0 leather armour (worn)
 f - a +2 pair of boots (worn)
 o - a +0 buckler (worn)
Jewellery
 i - a ring of protection from fire (left hand)
 s - a ring of willpower (right hand)
Wands
 a - a wand of light (11)
 p - a wand of roots (7)
Scrolls
 b - a scroll of immolation
 j - 2 scrolls of magic mapping
 r - a scroll of enchant armour
Potions
 d - a potion of mutation
 e - a potion of resistance {unknown}
 g - 2 potions of flight
 h - a potion of might {unknown}
 k - 2 potions of lignification {unknown}
 l - 2 potions of curing {unknown}
 m - 2 potions of brilliance {unknown}
 n - a potion of berserk rage {unknown}
 t - a potion of attraction {unknown}


   Skills:
 - Level 2.1 Fighting
 + Level 9.1 Ranged Weapons
 - Level 1.7 Dodging
 - Level 1.2 Stealth


You had 6 spell levels left.
You didn't know any spells.
Your spell library was empty.

Dungeon Overview and Level Annotations

Branches:
Dungeon (5/15)
 Temple: D:4-7

Altars:
Hepliaklqana

Annotations:
D:2 exclusion: phantom
D:5 Blork the orc


Innate Abilities, Weirdness & Mutations

You cannot be hasted, slowed, berserked, paralysed or teleported.
You can dig through walls and to a lower floor.
You have a pair of large antennae on your head. (SInv)
Your four strong arms can wield two-handed weapons with a shield.


Message History

Blork the orc misses you. The centaur hits you. You block the centaur's attack.
You shoot an arrow.
The arrow barely misses the howler monkey.
Blork the orc hits you with a +0 long sword!
The howler monkey hits you. The centaur closely misses you. x2
Blork the orc misses you. The howler monkey barely misses you.
You shoot an arrow. The arrow hits the howler monkey!
You kill the howler monkey!
The centaur hits you. The centaur misses you. Blork the orc barely misses you.
You block the centaur's attack. x2
Blork the orc hits you with a +0 long sword.
Your Ranged Weapons skill increases to level 9!
You shoot an arrow. The arrow hits Blork the orc.
Blork the orc is lightly wounded.
The centaur hits you. You block the centaur's attack.
Blork the orc casts a spell at you. The magic dart hits you.
* * * LOW HITPOINT WARNING * * *
The centaur hits you but does no damage.
The centaur kicks you.
* * * LOW HITPOINT WARNING * * *
Blork the orc hits you with a +0 long sword.
* * * LOW HITPOINT WARNING * * *
The jelly hits you but does no damage. The centaur barely misses you.
The centaur kicks you but does no damage.
You shoot an arrow. The arrow hits Blork the orc.
Blork the orc is moderately wounded.
Blork the orc barely misses you.
The centaur hits you but does no damage.
The centaur kicks you.
* * * LOW HITPOINT WARNING * * *
Blork the orc closely misses you. The jelly hits you but does no damage.
The centaur barely misses you. You block the centaur's attack.
You shoot an arrow. The arrow barely misses Blork the orc.
Blork the orc misses you. The centaur closely misses you. x2
The jelly hits you but does no damage. Blork the orc misses you.
The centaur closely misses you. x2
You shoot an arrow. The arrow barely misses Blork the orc.
Blork the orc hits you with a +0 long sword!
You die...

....... .... ..........###
... ..# #.........#.####..
#...##.............#...
#.......................
.....................#
......).........†....##
.........o†c....<.....#
..........@J.##......###
..............#........#.#
...........................
........†)...###...........
........##.#.# ##..........
.........###.# #....###...
.....#...# ..# #...## ...
....##.... ..# ....# ..
.... .......## ......


You could see Blork the orc (fast), a centaur and a jelly.

Vanquished Creatures
  A black bear (D:4)
  A phantom (D:5)
  A bullfrog (D:5)
  2 scorpions
  A howler monkey (D:5)
  2 orc priests (D:4)
  A jelly (D:2)
  3 iguanas
  Ijyb (D:3)
  2 adders
  A worm (D:2)
  A dart slug (D:1)
  8 orcs
  5 endoplasms
  4 giant cockroaches
  2 goblins
  4 hobgoblins
  6 jackals (D:4)
  5 quokkas
  7 ball pythons
  4 bats
  2 frilled lizards (D:1)
  4 kobolds
  5 rats
73 creatures vanquished.

Notes
Turn   | Place    | Note
-------+----------+-------------------------------------------
     0 | D:1      | HoaS the Formicid Hunter began the quest for the Orb.
     0 | D:1      | Reached XP level 1. HP: 16/16 MP: 1/1
   125 | D:1      | Reached XP level 2. HP: 19/22 MP: 2/2
   419 | D:1      | Reached XP level 3. HP: 27/27 MP: 3/3
   790 | D:2      | Reached skill level 5 in Ranged Weapons
   814 | D:2      | Noticed a phantom
   856 | D:2      | Found a faded altar of an unknown god.
   884 | D:2      | Reached XP level 4. HP: 30/33 MP: 4/4
  1181 | D:3      | Noticed Ijyb
  1206 | D:3      | Killed Ijyb
  1207 | D:3      | Reached skill level 6 in Ranged Weapons
  1207 | D:3      | Reached XP level 5. HP: 16/38 MP: 5/5
  1573 | D:3      | Found a hazy altar of Hepliaklqana.
  2057 | D:4      | Noticed a black bear
  2133 | D:4      | Identified the +6 chain mail "Oseowugo" {Rampage Dex+3}
  2163 | D:4      | Killed a black bear
  2164 | D:4      | Reached skill level 7 in Ranged Weapons
  2164 | D:4      | Reached XP level 6. HP: 44/44 MP: 6/6
  2527 | D:4      | Reached skill level 8 in Ranged Weapons
  2527 | D:4      | Reached XP level 7. HP: 39/50 MP: 7/7
  2797 | D:5      | Entered Level 5 of the Dungeon
  2907 | D:5      | Noticed Blork the orc
  2915 | D:5      | Reached skill level 9 in Ranged Weapons
  2918 | D:5      | Slain by Blork the orc

Illustrated notes

Levels and vault maps discovered:
D:1:      minmay_arrival_jagged, layout_loops_ring
D:2:      layout_loops_ring, shapermc_ecumenical_altar_gd, kennysheep_doodads,
          chequers_serial_rivers_room_a, uniq_crazy_yiuf_cottage
D:3:      minmay_door_path, layout_basic, mainiacjoe_overflow_brackets,
          serial_bayou, serial_bayou_lagoon_b, serial_bayou_pond_c,
          serial_bayou_ford_a, serial_bayou_pond_d, uniq_ijyb
D:4:      layout_rooms
D:5:      layout_cave_pools, uniq_blork_the_orc

Skill      XL: |  1  2  3  4  5  6  7 |
---------------+----------------------+-----
Ranged Weapons | 5 6 7 8 9 |  9.1
Fighting       | |  2.1
Dodging        | |  1.7
Stealth        | |  1.2

Action                     |  1- 3 |  4- 6 |  7- 9 || total
---------------------------+-------+-------+-------++-------
   Fire: Shortbow          |    49 |    83 |       ||   132
         Longbow           |       |    48 |    53 ||   101
    Use: Scroll            |     2 |     7 |       ||     9
 Armour: Leather armour    |     3 |    27 |    15 ||    45
  Dodge: Dodged            |     5 |    47 |    43 ||    95
  Block: Buckler           |       |    10 |    10 ||    20

Table legend: (Time is in decaauts)
 A = Elapsed time spent in this place.
 B = Non-inter-level travel time spent in this place.
 C = Inter-level travel time spent in this place.
 D = Time resting spent in this place.
 E = Time spent auto-exploring this place.
 F = Levels seen in this place.
 G = Mean time per level.
                   A        B        C        D        E       F      G
               +--------+--------+--------+--------+--------+-----+--------+
         Total |   3016 |   2873 |    143 |    527 |   1826 |   5 |  603.2 |
       Dungeon |   3016 |   2873 |    143 |    527 |   1826 |   5 |  603.2 |
               +--------+--------+--------+--------+--------+-----+--------+

Top non-repeatable levels by time:
     D:3: 1012 daAuts
     D:4: 820 daAuts
     D:1: 623 daAuts
     D:2: 424 daAuts
     D:5: 135 daAuts
